[ AOE2 MATCH · #479396014 ]
Team RMKhmer vs Berbers
[ REPLAY ANALYSIS · EXTRACTED FROM THE RECORDED GAME ]
Feudal
10:45
Castle
13:51
Imperial
35:21
| APM avg | 14.1 |
| APM peak | 54 |
| eAPM avg | 11.0 |
| Villagers / military | 148 / 66 |
Focus
⚔️ 19.9% · 🌾 80.1%
Spearman ×29 · Knight ×11 · Skirmisher ×10 · Battle Elephant ×8 · Mangonel ×4 · Scorpion ×2
Feudal
10:57
Castle
15:04
Imperial
28:57
| APM avg | 28.5 |
| APM peak | 73 |
| eAPM avg | 17.6 |
| Villagers / military | 150 / 168 |
Focus
⚔️ 24.8% · 🌾 75.2%
Scout Cavalry ×84 · Mangudai ×47 · Scorpion ×25 · Battering Ram ×9 · Monk ×2 · Trebuchet (Packed) ×1
Feudal
12:02
Castle
16:02
Imperial
33:21
| APM avg | 17.7 |
| APM peak | 54 |
| eAPM avg | 11.5 |
| Villagers / military | 119 / 93 |
Focus
⚔️ 28.8% · 🌾 71.2%
Mangudai ×52 · Scout Cavalry ×26 · Mangonel ×9 · Petard ×4 · Scorpion ×2
Feudal
12:32
Castle
17:33
Imperial
37:02
| APM avg | 26.5 |
| APM peak | 46 |
| eAPM avg | 17.8 |
| Villagers / military | 98 / 162 |
Focus
⚔️ 35.7% · 🌾 64.3%
Militia ×45 · Berserk ×43 · Archer ×36 · Scorpion ×19 · Spearman ×8 · Trebuchet (Packed) ×5
Feudal
10:53
Castle
18:23
Imperial
27:27
| APM avg | 14.7 |
| APM peak | 50 |
| eAPM avg | 10.6 |
| Villagers / military | 76 / 148 |
Focus
⚔️ 41.2% · 🌾 58.8%
Knight ×134 · Skirmisher ×11 · Trebuchet (Packed) ×3
Feudal
11:29
Castle
15:42
Imperial
30:35
| APM avg | 13.6 |
| APM peak | 35 |
| eAPM avg | 10.6 |
| Villagers / military | 150 / 189 |
Focus
⚔️ 26.9% · 🌾 73.1%
Woad Raider ×91 · Scorpion ×68 · Mangonel ×25 · Trebuchet (Packed) ×5
Feudal
11:18
Castle
17:28
Imperial
40:16
| APM avg | 22.5 |
| APM peak | 101 |
| eAPM avg | 19.0 |
| Villagers / military | 102 / 603 |
Focus
⚔️ 30.8% · 🌾 69.2%
Huskarl ×373 · Spearman ×230
Feudal
9:48
Castle
13:41
Imperial
30:09
| APM avg | 29.4 |
| APM peak | 104 |
| eAPM avg | 18.5 |
| Villagers / military | 187 / 101 |
Focus
⚔️ 27.0% · 🌾 73.0%
Camel Scout ×95 · Trebuchet (Packed) ×6
Match map
Initial resources + every placement click. Lines = walls · curves = elevation contours. ◆ gold · ⬟ stone · ● berries · ✦ relic · ◌ wall gap
Your base· ✓ Closed at 13:51 · 0t walls · 2 gate(s)
ultrasur's base· ✓ Closed at 15:04 · 0t walls · 3 gate(s)
GAmERzLike's base· ✓ Closed at 16:02 · 0t walls · 3 gate(s)
SongForBob's base· ✓ Closed at 17:33 · 12t walls · 5 gate(s)
giancarlo7's base· ✓ Closed at 18:23 · 0t walls · 3 gate(s)
fabiowazzanani's base· ✓ Closed at 15:42 · 0t walls · 2 gate(s)
gakbal's base· ✓ Closed at 17:28 · 0t walls · 2 gate(s)
96猫's base· ✓ Closed at 13:41 · 0t walls · 2 gate(s)
Smoothed initial terrain · ◌ = detected wall gap · hover for details
Inputs per minute
— [FnL^metalheadz] - - ultrasur
Build order — [FnL^metalheadz]
First 150 of 331 actions detected
| 0:01 | Create | Villager (Male) ×4 |
| 0:03 | Build | House |
| 0:06 | Build | House |
| 1:25 | Create | Villager (Male) |
| 1:54 | Create | Villager (Male) |
| 1:54 | Create | Villager (Male) |
| 2:30 | Create | Villager (Male) |
| 2:31 | Create | Villager (Male) |
| 2:46 | Build | House |
| 2:48 | Build | House |
| 2:59 | Create | Villager (Male) |
| 2:59 | Create | Villager (Male) |
| 2:59 | Create | Villager (Male) |
| 3:14 | Create | Villager (Male) |
| 3:14 | Create | Villager (Male) |
| 3:32 | Create | Villager (Male) |
| 3:33 | Create | Villager (Male) |
| 3:43 | Build | Mill |
| 3:55 | Create | Villager (Male) |
| 3:55 | Create | Villager (Male) |
| 3:56 | Create | Villager (Male) |
| 4:41 | Create | Villager (Male) |
| 4:41 | Create | Villager (Male) |
| 4:41 | Create | Villager (Male) |
| 5:08 | Build | Mining Camp |
| 5:34 | Create | Villager (Male) |
| 5:34 | Create | Villager (Male) |
| 5:54 | Create | Villager (Male) |
| 6:21 | Create | Villager (Male) ×5 |
| 6:58 | Create | Villager (Male) |
| 6:58 | Create | Villager (Male) |
| 7:59 | Create | Villager (Male) |
| 8:33 | Build | Lumber Camp |
| 8:35 | Research | Feudal Age |
| 9:53 | Research | Loom |
| 10:27 | Build | House |
| 10:45 | Age | Feudal Age |
| 11:11 | Research | Castle Age |
| 11:12 | Research | Castle Age |
| 12:17 | Research | Double-Bit Axe |
| 12:19 | Research | Horse Collar |
| 12:41 | Build | Farm |
| 12:43 | Build | Farm |
| 12:45 | Build | Farm |
| 12:51 | Build | Farm |
| 12:55 | Build | Farm |
| 13:36 | Create | Villager (Male) |
| 13:38 | Create | Villager (Male) |
| 13:51 | Age | Castle Age |
| 13:53 | Build | Town Center |
| 13:58 | Create | Villager (Male) |
| 14:21 | Build | Farm |
| 14:26 | Build | Farm |
| 14:33 | Build | House |
| 14:38 | Create | Villager (Male) |
| 14:44 | Create | Villager (Male) |
| 14:56 | Build | Farm |
| 15:04 | Create | Villager (Male) |
| 15:09 | Build | Farm |
| 15:21 | Build | Farm |
| 15:26 | Create | Villager (Male) |
| 15:39 | Build | Farm |
| 15:44 | Create | Villager (Male) |
| 15:55 | Build | Farm |
| 15:55 | Build | Farm |
| 15:55 | Build | Farm |
| 15:56 | Build | Farm |
| 15:56 | Build | Farm |
| 15:59 | Build | Farm |
| 16:02 | Build | Farm |
| 16:05 | Create | Villager (Male) |
| 16:06 | Create | Villager (Male) |
| 16:13 | Create | Villager (Male) |
| 16:13 | Create | Villager (Male) |
| 16:29 | Create | Villager (Male) |
| 16:29 | Create | Villager (Male) |
| 16:39 | Build | Farm |
| 16:39 | Build | Farm |
| 16:39 | Build | Farm |
| 16:39 | Build | Farm |
| 16:40 | Build | Farm |
| 16:51 | Create | Villager (Male) |
| 16:53 | Create | Villager (Male) |
| 16:59 | Create | Villager (Male) |
| 17:09 | Build | Farm |
| 17:09 | Build | Farm |
| 17:09 | Build | Farm |
| 17:10 | Build | Farm |
| 17:10 | Build | Farm |
| 17:25 | Create | Villager (Male) |
| 17:25 | Create | Villager (Male) |
| 17:25 | Create | Villager (Male) |
| 17:27 | Create | Villager (Male) |
| 17:27 | Create | Villager (Male) |
| 17:50 | Build | House |
| 17:59 | Build | House |
| 18:05 | Create | Villager (Male) |
| 18:05 | Create | Villager (Male) |
| 18:09 | Research | Bow Saw |
| 18:10 | Research | Bow Saw |
| 18:26 | Build | House |
| 18:27 | Build | House |
| 18:29 | Build | House |
| 18:30 | Build | House |
| 18:34 | Create | Villager (Male) |
| 18:34 | Create | Villager (Male) |
| 18:35 | Create | Villager (Male) |
| 18:41 | Research | Town Watch |
| 18:50 | Build | Outpost |
| 18:52 | Create | Villager (Male) |
| 18:52 | Create | Villager (Male) |
| 19:10 | Research | Heavy Plow |
| 19:11 | Research | Heavy Plow |
| 19:22 | Build | House |
| 19:23 | Build | House |
| 19:25 | Build | House |
| 19:30 | Create | Villager (Male) |
| 19:30 | Create | Villager (Male) |
| 19:37 | Create | Villager (Male) |
| 19:38 | Create | Villager (Male) |
| 19:40 | Create | Villager (Male) |
| 20:07 | Research | Stone Mining |
| 20:13 | Research | Gold Mining |
| 20:16 | Create | Villager (Male) |
| 20:21 | Create | Villager (Male) |
| 20:37 | Build | Town Center |
| 20:38 | Create | Villager (Male) |
| 20:39 | Create | Villager (Male) |
| 20:39 | Create | Villager (Male) |
| 21:01 | Build | Farm |
| 21:07 | Build | House |
| 21:07 | Build | House |
| 21:07 | Build | House |
| 21:08 | Build | House |
| 21:08 | Build | House |
| 21:08 | Build | House |
| 21:11 | Create | Villager (Male) |
| 21:11 | Create | Villager (Male) |
| 21:12 | Create | Villager (Male) |
| 21:12 | Create | Villager (Male) |
| 21:12 | Create | Villager (Male) |
| 21:13 | Create | Villager (Male) |
| 21:22 | Research | Wheelbarrow |
| 21:49 | Build | Siege Workshop |
| 21:53 | Create | Villager (Male) |
| 21:53 | Create | Villager (Male) |
| 21:53 | Create | Villager (Male) |
| 22:13 | Create | Villager (Male) |
| 22:13 | Create | Villager (Male) |
| 22:14 | Create | Villager (Male) |
Build order — ultrasur
First 150 of 418 actions detected
| 0:00 | Create | Villager (Male) |
| 0:02 | Build | House |
| 0:04 | Build | House |
| 0:27 | Create | Villager (Male) |
| 0:27 | Create | Villager (Male) |
| 0:34 | Create | Villager (Male) |
| 1:22 | Build | Lumber Camp |
| 1:28 | Create | Villager (Male) |
| 2:07 | Create | Villager (Male) |
| 2:22 | Create | Villager (Male) |
| 2:51 | Create | Villager (Male) |
| 2:51 | Create | Villager (Male) |
| 3:21 | Create | Villager (Male) |
| 3:46 | Create | Villager (Male) |
| 3:53 | Build | House |
| 3:54 | Build | House |
| 4:02 | Create | Villager (Male) |
| 4:35 | Create | Villager (Male) |
| 4:58 | Create | Villager (Male) |
| 5:12 | Create | Villager (Male) |
| 5:36 | Create | Villager (Male) |
| 5:36 | Create | Villager (Male) |
| 6:06 | Create | Villager (Male) |
| 6:07 | Create | Villager (Male) |
| 6:07 | Create | Villager (Male) |
| 6:31 | Create | Villager (Male) |
| 6:32 | Create | Villager (Male) |
| 6:37 | Create | Villager (Male) |
| 6:42 | Build | Mill |
| 7:46 | Build | Farm |
| 7:52 | Build | Farm |
| 8:28 | Build | Mining Camp |
| 8:31 | Research | Feudal Age |
| 8:46 | Build | Mill |
| 9:21 | Build | Farm |
| 10:11 | Build | House |
| 10:20 | Create | Villager (Male) |
| 10:20 | Create | Villager (Male) |
| 10:57 | Age | Feudal Age |
| 10:59 | Build | Market |
| 11:02 | Build | Blacksmith |
| 12:13 | Build | Mining Camp |
| 12:24 | Research | Castle Age |
| 12:24 | Research | Loom |
| 12:27 | Research | Double-Bit Axe |
| 13:11 | Research | Horse Collar |
| 13:30 | Build | Lumber Camp |
| 15:04 | Age | Castle Age |
| 15:06 | Build | Town Center |
| 15:10 | Build | Town Center |
| 15:24 | Build | Monastery |
| 15:25 | Build | House |
| 15:26 | Create | Villager (Male) |
| 15:26 | Create | Villager (Male) |
| 15:31 | Research | Loom |
| 15:43 | Research | Bow Saw |
| 16:14 | Create | Villager (Male) |
| 16:15 | Create | Villager (Male) |
| 16:20 | Build | Farm |
| 16:21 | Create | Villager (Male) |
| 16:26 | Create | Villager (Male) |
| 16:48 | Create | Villager (Male) |
| 17:02 | Create | Villager (Male) |
| 17:04 | Build | House |
| 17:05 | Create | Monk |
| 17:09 | Build | House |
| 17:19 | Build | Farm |
| 17:23 | Build | Farm |
| 17:37 | Create | Monk |
| 17:40 | Create | Villager (Male) |
| 17:59 | Build | Farm |
| 18:00 | Build | Farm |
| 18:00 | Build | Farm |
| 18:00 | Build | Farm |
| 18:01 | Build | Farm |
| 18:02 | Build | Farm |
| 18:06 | Build | Farm |
| 18:07 | Build | Farm |
| 18:08 | Build | Farm |
| 18:09 | Build | Farm |
| 18:10 | Create | Villager (Male) |
| 18:11 | Create | Villager (Male) |
| 18:18 | Build | Farm |
| 18:35 | Build | Farm |
| 18:44 | Build | Farm |
| 18:48 | Build | Farm |
| 19:03 | Build | House |
| 19:04 | Build | House |
| 19:05 | Build | House |
| 19:05 | Create | Villager (Male) |
| 19:06 | Create | Villager (Male) |
| 19:06 | Create | Villager (Male) |
| 19:09 | Create | Villager (Male) |
| 19:16 | Create | Villager (Male) |
| 19:22 | Build | Farm |
| 19:35 | Build | Farm |
| 19:47 | Create | Villager (Male) |
| 19:48 | Create | Villager (Male) |
| 19:48 | Create | Villager (Male) |
| 19:51 | Build | Farm |
| 20:00 | Create | Villager (Male) |
| 20:08 | Create | Villager (Male) |
| 20:12 | Build | Farm |
| 20:14 | Build | Farm |
| 20:18 | Create | Villager (Male) |
| 20:18 | Create | Villager (Male) |
| 20:25 | Build | Farm |
| 20:26 | Create | Villager (Male) |
| 20:33 | Create | Villager (Male) |
| 20:43 | Create | Villager (Male) |
| 20:43 | Create | Villager (Male) |
| 20:43 | Create | Villager (Male) |
| 20:54 | Build | Farm |
| 20:55 | Create | Villager (Male) |
| 21:01 | Build | Farm |
| 21:02 | Create | Villager (Male) |
| 21:03 | Create | Villager (Male) |
| 21:07 | Build | Farm |
| 21:11 | Build | Farm |
| 21:11 | Create | Villager (Male) |
| 21:19 | Build | Farm |
| 21:19 | Create | Villager (Male) |
| 21:26 | Build | House |
| 21:29 | Build | House |
| 21:30 | Build | House |
| 21:31 | Create | Villager (Male) |
| 21:31 | Create | Villager (Male) |
| 21:36 | Create | Villager (Male) |
| 21:36 | Create | Villager (Male) |
| 21:51 | Build | Farm |
| 21:53 | Build | Farm |
| 21:54 | Build | Farm |
| 21:54 | Create | Villager (Male) |
| 21:55 | Create | Villager (Male) |
| 21:55 | Create | Villager (Male) |
| 22:06 | Create | Villager (Male) |
| 22:06 | Create | Villager (Male) |
| 22:14 | Build | Farm |
| 22:19 | Create | Villager (Male) |
| 22:20 | Create | Villager (Male) |
| 22:32 | Create | Villager (Male) |
| 22:32 | Create | Villager (Male) |
| 22:47 | Build | Farm |
| 22:48 | Build | Farm |
| 22:52 | Build | Farm |
| 22:53 | Build | Farm |
| 22:54 | Build | Farm |
| 22:55 | Create | Villager (Male) |
| 22:56 | Create | Villager (Male) |
| 22:56 | Create | Villager (Male) |
Build order — GAmERzLike
First 150 of 306 actions detected
| 0:00 | Create | Villager (Male) |
| 0:00 | Create | Villager (Male) |
| 0:00 | Create | Villager (Male) |
| 0:01 | Create | Villager (Male) |
| 0:01 | Create | Villager (Male) |
| 0:03 | Build | House |
| 0:04 | Build | House |
| 1:38 | Create | Villager (Male) |
| 1:43 | Build | Lumber Camp |
| 1:47 | Create | Villager (Male) |
| 2:31 | Create | Villager (Male) |
| 3:00 | Create | Villager (Male) |
| 3:29 | Create | Villager (Male) |
| 3:46 | Create | Villager (Male) |
| 3:56 | Build | House |
| 3:58 | Build | House |
| 4:03 | Create | Villager (Male) |
| 4:28 | Build | Mill |
| 4:32 | Create | Villager (Male) |
| 5:13 | Create | Villager (Male) |
| 5:42 | Create | Villager (Male) |
| 6:05 | Create | Villager (Male) |
| 6:13 | Create | Villager (Male) |
| 6:18 | Create | Villager (Male) |
| 6:18 | Create | Villager (Male) |
| 6:21 | Create | Villager (Male) |
| 6:21 | Create | Villager (Male) |
| 6:22 | Create | Villager (Male) |
| 6:23 | Create | Villager (Male) |
| 6:29 | Build | House |
| 7:25 | Build | Mill |
| 7:30 | Build | Farm |
| 8:21 | Create | Villager (Male) |
| 8:25 | Research | Feudal Age |
| 8:38 | Build | Farm |
| 8:48 | Build | Mining Camp |
| 9:42 | Build | Mining Camp |
| 10:11 | Build | Farm |
| 10:21 | Create | Villager (Male) |
| 10:22 | Create | Villager (Male) |
| 11:04 | Build | House |
| 11:25 | Build | House |
| 11:30 | Build | House |
| 11:39 | Create | Villager (Male) |
| 11:39 | Create | Villager (Male) |
| 12:02 | Age | Feudal Age |
| 12:13 | Build | Market |
| 12:17 | Build | Blacksmith |
| 12:59 | Research | Loom |
| 13:22 | Research | Castle Age |
| 13:27 | Build | Farm |
| 13:32 | Build | Farm |
| 14:05 | Research | Double-Bit Axe |
| 14:47 | Research | Horse Collar |
| 15:41 | Create | Villager (Male) |
| 15:41 | Create | Villager (Male) |
| 15:42 | Create | Villager (Male) |
| 16:02 | Age | Castle Age |
| 16:06 | Build | Castle |
| 16:23 | Research | Bow Saw |
| 16:29 | Build | Farm |
| 16:32 | Build | Farm |
| 16:46 | Build | Farm |
| 16:57 | Research | Fletching |
| 17:11 | Create | Villager (Male) |
| 17:15 | Build | Farm |
| 17:24 | Build | Farm |
| 18:03 | Build | Farm |
| 18:05 | Build | Farm |
| 18:18 | Create | Mangudai |
| 18:18 | Create | Mangudai |
| 18:19 | Create | Mangudai |
| 18:20 | Create | Mangudai |
| 18:30 | Create | Villager (Male) |
| 18:31 | Create | Villager (Male) |
| 18:50 | Create | Mangudai |
| 19:03 | Build | Farm |
| 19:07 | Research | Bodkin Arrow |
| 19:11 | Create | Mangudai |
| 19:17 | Build | University |
| 19:26 | Build | Monastery |
| 19:39 | Research | Heavy Plow |
| 19:42 | Create | Mangudai |
| 19:56 | Research | Loom |
| 19:59 | Create | Villager (Male) |
| 19:59 | Create | Villager (Male) |
| 20:18 | Build | Farm |
| 20:24 | Create | Villager (Male) |
| 20:28 | Create | Mangudai |
| 21:04 | Create | Villager (Male) |
| 21:05 | Create | Villager (Male) |
| 21:06 | Create | Mangudai |
| 21:13 | Build | Town Center |
| 21:34 | Build | Town Center |
| 21:52 | Create | Mangudai |
| 21:54 | Create | Villager (Male) |
| 22:12 | Build | House |
| 22:14 | Build | House |
| 22:15 | Build | House |
| 22:31 | Build | Farm |
| 22:38 | Create | Mangudai |
| 22:41 | Create | Villager (Male) |
| 22:42 | Create | Villager (Male) |
| 22:42 | Create | Villager (Male) |
| 22:43 | Create | Villager (Male) |
| 22:43 | Create | Villager (Male) |
| 22:43 | Create | Villager (Male) |
| 22:55 | Build | Farm |
| 22:56 | Create | Villager (Male) |
| 23:03 | Create | Villager (Male) |
| 23:22 | Build | Farm |
| 23:23 | Create | Villager (Male) |
| 23:23 | Create | Villager (Male) |
| 23:28 | Build | Farm |
| 23:31 | Build | Farm |
| 23:34 | Build | Farm |
| 23:39 | Create | Villager (Male) |
| 23:40 | Create | Villager (Male) |
| 23:49 | Build | House |
| 23:50 | Build | House |
| 23:51 | Build | House |
| 23:56 | Build | House |
| 23:59 | Create | Petard |
| 24:02 | Create | Petard |
| 24:04 | Create | Mangudai |
| 24:18 | Create | Mangudai |
| 24:56 | Create | Villager (Male) |
| 24:57 | Create | Villager (Male) |
| 24:57 | Create | Villager (Male) |
| 24:58 | Create | Villager (Male) |
| 25:24 | Create | Mangudai |
| 25:25 | Create | Villager (Male) |
| 25:25 | Create | Villager (Male) |
| 25:26 | Create | Villager (Male) |
| 25:27 | Create | Villager (Male) |
| 25:27 | Create | Villager (Male) |
| 25:27 | Create | Villager (Male) |
| 25:43 | Research | Ballistics |
| 25:44 | Create | Villager (Male) |
| 25:45 | Create | Villager (Male) |
| 25:45 | Create | Villager (Male) |
| 25:48 | Create | Mangudai |
| 25:48 | Create | Mangudai |
| 26:10 | Create | Mangudai |
| 26:10 | Create | Mangudai |
| 26:32 | Create | Petard |
| 26:32 | Create | Petard |
| 26:41 | Create | Villager (Male) |
| 26:42 | Create | Villager (Male) |
| 26:42 | Create | Villager (Male) |
Build order — SongForBob
First 150 of 423 actions detected
| 0:02 | Create | Villager (Male) |
| 0:02 | Create | Villager (Male) |
| 0:02 | Create | Villager (Male) |
| 0:02 | Create | Villager (Male) |
| 0:04 | Build | House |
| 0:06 | Build | House |
| 1:28 | Build | Lumber Camp |
| 1:30 | Create | Villager (Male) |
| 1:30 | Create | Villager (Male) |
| 2:05 | Create | Villager (Male) |
| 2:31 | Create | Villager (Male) |
| 3:02 | Create | Villager (Male) |
| 3:03 | Create | Villager (Male) |
| 3:28 | Create | Villager (Male) |
| 3:48 | Build | House |
| 3:51 | Build | House |
| 3:56 | Build | House |
| 3:59 | Create | Villager (Male) |
| 4:31 | Create | Villager (Male) |
| 4:31 | Create | Villager (Male) |
| 4:32 | Create | Villager (Male) |
| 4:49 | Build | House |
| 4:52 | Build | House |
| 4:58 | Create | Villager (Male) |
| 4:58 | Create | Villager (Male) |
| 4:59 | Create | Villager (Male) |
| 5:26 | Create | Villager (Male) |
| 5:43 | Build | Mill |
| 5:59 | Create | Villager (Male) |
| 5:59 | Create | Villager (Male) |
| 6:08 | Build | House |
| 6:23 | Create | Villager (Male) |
| 6:23 | Create | Villager (Male) |
| 7:01 | Build | Mill |
| 7:21 | Build | Farm |
| 7:30 | Create | Villager (Male) |
| 7:30 | Create | Villager (Male) |
| 7:30 | Create | Villager (Male) |
| 7:31 | Create | Villager (Male) |
| 7:32 | Create | Villager (Male) |
| 7:48 | Create | Villager (Male) |
| 7:56 | Research | Loom |
| 8:27 | Build | Barracks |
| 8:53 | Build | Farm |
| 8:55 | Build | Farm |
| 9:52 | Build | Mining Camp |
| 10:20 | Build | Lumber Camp |
| 10:22 | Research | Feudal Age |
| 11:17 | Create | Villager (Male) |
| 11:18 | Create | Villager (Male) |
| 11:19 | Create | Villager (Male) |
| 11:19 | Create | Villager (Male) |
| 12:31 | Build | Farm |
| 12:32 | Build | Farm |
| 12:32 | Age | Feudal Age |
| 12:33 | Build | Farm |
| 12:34 | Build | Farm |
| 12:35 | Build | Farm |
| 12:57 | Build | Market |
| 13:31 | Build | Blacksmith |
| 13:37 | Build | Stone Wall |
| 13:38 | Build | Gate |
| 13:48 | Create | Spearman |
| 13:58 | Build | Stone Wall |
| 13:59 | Build | Gate |
| 14:11 | Build | Mining Camp |
| 14:51 | Build | Archery Range |
| 14:53 | Research | Castle Age |
| 15:12 | Research | Double-Bit Axe |
| 16:02 | Research | Horse Collar |
| 16:05 | Research | Padded Archer Armor |
| 16:35 | Create | Villager (Male) |
| 17:03 | Create | Archer |
| 17:04 | Create | Archer |
| 17:04 | Create | Archer |
| 17:04 | Create | Archer |
| 17:06 | Create | Archer |
| 17:21 | Build | Archery Range |
| 17:27 | Create | Villager (Male) |
| 17:33 | Age | Castle Age |
| 17:36 | Build | Town Center |
| 18:16 | Create | Villager (Male) |
| 18:18 | Research | Leather Archer Armor |
| 18:30 | Research | Leather Archer Armor |
| 18:33 | Build | House |
| 18:34 | Build | House |
| 18:41 | Create | Villager (Male) |
| 18:51 | Create | Villager (Male) |
| 19:03 | Research | Crossbowman (upgrade) |
| 19:11 | Build | Mining Camp |
| 19:17 | Create | Villager (Male) |
| 19:46 | Create | Archer |
| 19:47 | Create | Archer |
| 19:59 | Research | Heavy Plow |
| 20:02 | Create | Villager (Male) |
| 20:02 | Create | Villager (Male) |
| 20:17 | Create | Villager (Male) |
| 20:45 | Build | Town Center |
| 20:55 | Build | House |
| 20:57 | Build | House |
| 21:12 | Create | Villager (Male) |
| 21:12 | Create | Villager (Male) |
| 21:13 | Create | Villager (Male) |
| 21:13 | Create | Villager (Male) |
| 21:33 | Build | Mining Camp |
| 21:44 | Create | Villager (Male) |
| 21:44 | Create | Villager (Male) |
| 21:49 | Create | Villager (Male) |
| 21:50 | Create | Villager (Male) |
| 22:08 | Build | Farm |
| 22:12 | Create | Villager (Male) |
| 22:12 | Create | Villager (Male) |
| 22:17 | Build | Farm |
| 22:29 | Build | Farm |
| 22:50 | Create | Archer |
| 23:18 | Research | Bow Saw |
| 23:23 | Build | Farm |
| 23:24 | Build | Farm |
| 23:27 | Build | Farm |
| 23:28 | Build | Farm |
| 23:30 | Build | Farm |
| 23:35 | Create | Villager (Male) |
| 23:35 | Create | Villager (Male) |
| 23:45 | Build | Farm |
| 23:47 | Build | Farm |
| 23:48 | Build | Farm |
| 23:48 | Build | Farm |
| 23:55 | Build | Farm |
| 23:59 | Create | Villager (Male) |
| 24:02 | Build | Farm |
| 24:04 | Build | Farm |
| 24:09 | Create | Villager (Male) |
| 24:13 | Build | Farm |
| 24:20 | Build | Farm |
| 24:23 | Build | Farm |
| 24:25 | Create | Villager (Male) |
| 24:28 | Create | Villager (Male) |
| 24:38 | Build | Castle |
| 24:53 | Build | Monastery |
| 24:57 | Research | Fletching |
| 25:00 | Create | Villager (Male) |
| 25:00 | Create | Villager (Male) |
| 25:08 | Create | Villager (Male) |
| 25:08 | Create | Villager (Male) |
| 25:09 | Create | Villager (Male) |
| 25:13 | Build | Farm |
| 25:14 | Build | Farm |
| 25:15 | Build | Farm |
| 25:21 | Create | Villager (Male) |
| 25:23 | Create | Villager (Male) |
Build order — giancarlo7
First 150 of 336 actions detected
| 0:06 | Build | House |
| 0:10 | Create | Villager (Male) |
| 0:10 | Create | Villager (Male) |
| 0:10 | Create | Villager (Male) |
| 0:10 | Create | Villager (Male) |
| 0:11 | Create | Villager (Male) |
| 0:27 | Build | House |
| 0:28 | Build | House |
| 0:29 | Build | House |
| 1:49 | Create | Villager (Male) |
| 2:05 | Create | Villager (Male) |
| 2:26 | Build | Lumber Camp |
| 2:30 | Create | Villager (Male) |
| 2:56 | Create | Villager (Male) |
| 2:57 | Create | Villager (Male) |
| 3:10 | Create | Villager (Male) |
| 3:11 | Create | Villager (Male) |
| 3:41 | Create | Villager (Male) |
| 4:16 | Create | Villager (Male) |
| 4:16 | Create | Villager (Male) |
| 4:16 | Create | Villager (Male) |
| 4:44 | Create | Villager (Male) |
| 5:05 | Create | Villager (Male) |
| 5:06 | Create | Villager (Male) |
| 5:19 | Create | Villager (Male) |
| 5:56 | Create | Villager (Male) |
| 5:56 | Create | Villager (Male) |
| 5:57 | Create | Villager (Male) |
| 6:08 | Build | Mill |
| 7:06 | Build | Mill |
| 7:44 | Create | Villager (Male) |
| 8:28 | Build | Mining Camp |
| 8:35 | Build | Mining Camp |
| 8:43 | Research | Feudal Age |
| 10:17 | Build | Barracks |
| 10:31 | Build | House |
| 10:32 | Build | House |
| 10:34 | Build | House |
| 10:53 | Age | Feudal Age |
| 10:54 | Research | Wheelbarrow |
| 10:57 | Research | Horse Collar |
| 11:02 | Research | Double-Bit Axe |
| 11:20 | Build | Farm |
| 11:40 | Build | Farm |
| 11:42 | Create | Villager (Male) |
| 11:42 | Create | Villager (Male) |
| 11:43 | Create | Villager (Male) |
| 11:43 | Create | Villager (Male) |
| 11:43 | Create | Villager (Male) |
| 11:55 | Build | Farm |
| 12:13 | Build | Market |
| 12:20 | Create | Villager (Male) |
| 12:20 | Create | Villager (Male) |
| 12:21 | Create | Villager (Male) |
| 12:29 | Build | Farm |
| 12:46 | Build | Farm |
| 13:09 | Build | Farm |
| 13:39 | Build | Blacksmith |
| 13:54 | Build | Farm |
| 14:07 | Create | Villager (Male) |
| 14:08 | Create | Villager (Male) |
| 14:13 | Build | Farm |
| 14:38 | Build | Farm |
| 14:43 | Build | Farm |
| 14:54 | Build | Farm |
| 15:08 | Build | Farm |
| 15:43 | Research | Castle Age |
| 15:52 | Build | Stable |
| 16:14 | Research | Stone Mining |
| 16:26 | Research | Scale Mail Armor |
| 16:53 | Research | Gold Mining |
| 17:22 | Research | Forging |
| 17:56 | Research | Scale Barding Armor |
| 18:01 | Create | Villager (Male) |
| 18:12 | Create | Villager (Male) |
| 18:23 | Age | Castle Age |
| 18:25 | Build | Castle |
| 18:29 | Create | Villager (Male) |
| 19:04 | Research | Bow Saw |
| 19:06 | Create | Villager (Male) |
| 19:41 | Research | Heavy Plow |
| 19:43 | Create | Villager (Male) |
| 20:08 | Build | Town Center |
| 20:10 | Create | Villager (Male) |
| 20:10 | Create | Villager (Male) |
| 20:10 | Create | Villager (Male) |
| 20:37 | Build | Lumber Camp |
| 20:42 | Research | Husbandry |
| 20:52 | Create | Villager (Male) |
| 20:57 | Build | Farm |
| 21:23 | Build | Farm |
| 21:32 | Create | Villager (Male) |
| 21:47 | Create | Villager (Male) |
| 21:48 | Create | Villager (Male) |
| 21:48 | Create | Villager (Male) |
| 21:51 | Build | Farm |
| 22:04 | Build | Stable |
| 22:14 | Build | Farm |
| 22:16 | Create | Villager (Male) |
| 22:17 | Create | Villager (Male) |
| 22:18 | Create | Villager (Male) |
| 22:22 | Create | Villager (Male) |
| 22:23 | Create | Villager (Male) |
| 22:41 | Build | Farm |
| 23:08 | Build | House |
| 23:09 | Build | House |
| 23:10 | Build | House |
| 23:12 | Build | House |
| 23:25 | Build | Farm |
| 23:33 | Build | Farm |
| 23:36 | Create | Villager (Male) |
| 23:37 | Create | Villager (Male) |
| 23:38 | Create | Villager (Male) |
| 23:39 | Create | Villager (Male) |
| 23:54 | Build | Farm |
| 24:01 | Research | Imperial Age |
| 24:16 | Build | Farm |
| 24:29 | Research | Chain Barding Armor |
| 24:57 | Build | Stable |
| 25:09 | Build | House |
| 25:17 | Build | Farm |
| 25:23 | Create | Villager (Male) |
| 25:38 | Build | House |
| 25:39 | Build | House |
| 25:40 | Build | House |
| 25:47 | Build | Farm |
| 25:50 | Research | Szlachta Privileges |
| 26:02 | Build | Farm |
| 26:05 | Create | Villager (Male) |
| 26:09 | Research | Chain Mail Armor |
| 26:13 | Create | Villager (Male) |
| 26:20 | Create | Villager (Male) |
| 26:37 | Build | Stable |
| 26:45 | Create | Knight |
| 26:45 | Create | Knight |
| 26:46 | Create | Knight |
| 26:46 | Create | Knight |
| 26:46 | Create | Knight |
| 26:53 | Build | Farm |
| 26:56 | Create | Knight |
| 26:56 | Create | Knight |
| 26:56 | Create | Knight |
| 27:08 | Build | Farm |
| 27:12 | Create | Villager (Male) |
| 27:13 | Create | Villager (Male) |
| 27:17 | Build | House |
| 27:19 | Build | House |
| 27:27 | Age | Imperial Age |
| 27:29 | Research | Conscription |
| 27:38 | Create | Knight |
Build order — fabiowazzanani
First 150 of 297 actions detected
| 0:02 | Create | Villager (Male) |
| 0:02 | Create | Villager (Male) |
| 0:02 | Create | Villager (Male) |
| 0:03 | Create | Villager (Male) |
| 0:03 | Create | Villager (Male) |
| 0:05 | Build | House |
| 0:07 | Build | House |
| 1:38 | Create | Villager (Male) |
| 1:47 | Build | Lumber Camp |
| 2:09 | Create | Villager (Male) |
| 2:32 | Create | Villager (Male) |
| 3:03 | Create | Villager (Male) |
| 3:27 | Create | Villager (Male) |
| 3:59 | Create | Villager (Male) |
| 3:59 | Create | Villager (Male) |
| 4:04 | Build | Mill |
| 4:19 | Create | Villager (Male) |
| 4:45 | Create | Villager (Male) |
| 4:45 | Create | Villager (Male) |
| 4:50 | Research | Loom |
| 4:54 | Build | House |
| 5:01 | Create | Villager (Male) |
| 5:40 | Create | Villager (Male) |
| 6:05 | Create | Villager (Male) |
| 6:29 | Create | Villager (Male) |
| 6:30 | Create | Villager (Male) |
| 6:30 | Create | Villager (Male) |
| 6:30 | Create | Villager (Male) |
| 6:30 | Create | Villager (Male) |
| 6:31 | Create | Villager (Male) |
| 6:50 | Build | House |
| 7:30 | Build | Mill |
| 8:17 | Create | Villager (Male) |
| 8:45 | Build | House |
| 8:47 | Build | Mining Camp |
| 9:19 | Research | Feudal Age |
| 9:31 | Build | Farm |
| 9:31 | Build | Farm |
| 9:32 | Build | Farm |
| 9:56 | Build | Farm |
| 10:00 | Create | Villager (Male) |
| 10:00 | Create | Villager (Male) |
| 10:05 | Build | Farm |
| 10:05 | Build | Farm |
| 10:26 | Create | Villager (Male) |
| 11:29 | Age | Feudal Age |
| 11:39 | Build | Market |
| 11:43 | Build | Blacksmith |
| 12:23 | Create | Villager (Male) |
| 12:51 | Build | Farm |
| 12:56 | Build | Farm |
| 13:02 | Research | Castle Age |
| 14:01 | Build | Farm |
| 15:18 | Create | Villager (Male) |
| 15:19 | Create | Villager (Male) |
| 15:42 | Age | Castle Age |
| 15:48 | Build | Town Center |
| 15:55 | Research | Double-Bit Axe |
| 16:02 | Research | Horse Collar |
| 16:29 | Create | Villager (Male) |
| 16:32 | Build | House |
| 16:39 | Build | Mining Camp |
| 16:43 | Create | Villager (Male) |
| 17:01 | Build | Town Center |
| 17:09 | Create | Villager (Male) |
| 17:13 | Create | Villager (Male) ×5 |
| 17:37 | Build | Farm |
| 17:37 | Build | Farm |
| 17:56 | Build | Farm |
| 18:01 | Build | Farm |
| 18:01 | Build | Farm |
| 18:04 | Create | Villager (Male) |
| 18:05 | Create | Villager (Male) |
| 18:19 | Create | Villager (Male) ×5 |
| 18:48 | Research | Stone Mining |
| 18:50 | Create | Villager (Male) ×3 |
| 18:57 | Build | Farm |
| 18:58 | Build | Farm |
| 19:10 | Build | Stone Wall |
| 19:14 | Create | Villager (Male) ×2 |
| 19:25 | Build | House |
| 19:26 | Build | House |
| 19:27 | Build | House |
| 19:33 | Build | Farm |
| 19:38 | Build | Farm |
| 19:51 | Research | Fletching |
| 20:00 | Build | Farm |
| 20:00 | Build | Farm |
| 20:02 | Create | Villager (Male) ×2 |
| 20:17 | Create | Villager (Male) ×2 |
| 20:34 | Build | Farm |
| 20:34 | Build | Farm |
| 20:34 | Build | Farm |
| 20:35 | Build | Farm |
| 20:37 | Create | Villager (Male) |
| 20:37 | Create | Villager (Male) |
| 20:47 | Build | Farm |
| 20:49 | Build | Farm |
| 20:50 | Build | Farm |
| 21:01 | Build | House |
| 21:02 | Build | House |
| 21:03 | Build | House |
| 21:05 | Build | House |
| 21:09 | Build | House |
| 21:10 | Build | House |
| 21:12 | Build | House |
| 21:13 | Build | House |
| 21:14 | Build | House |
| 21:15 | Build | House |
| 21:17 | Build | House |
| 21:21 | Create | Villager (Male) ×5 |
| 21:52 | Create | Villager (Male) ×5 |
| 21:56 | Build | Farm |
| 21:56 | Build | Farm |
| 21:56 | Build | Farm |
| 22:06 | Create | Villager (Male) ×2 |
| 22:24 | Build | Town Center |
| 22:36 | Create | Villager (Male) |
| 22:38 | Create | Villager (Male) |
| 22:52 | Create | Villager (Male) ×5 |
| 23:06 | Build | Mining Camp |
| 23:08 | Research | Bow Saw |
| 23:19 | Research | Gold Mining |
| 23:31 | Create | Villager (Male) |
| 23:33 | Build | House |
| 23:45 | Build | Farm |
| 23:46 | Build | Farm |
| 23:53 | Build | Farm |
| 23:53 | Build | Farm |
| 23:53 | Build | Farm |
| 24:08 | Build | Farm |
| 24:09 | Build | Farm |
| 24:09 | Build | Farm |
| 24:09 | Build | Farm |
| 24:09 | Build | Farm |
| 24:10 | Build | Farm |
| 24:11 | Create | Villager (Male) ×5 |
| 24:22 | Create | Villager (Male) ×4 |
| 24:33 | Build | Farm |
| 24:33 | Build | Farm |
| 24:45 | Create | Villager (Male) ×4 |
| 24:55 | Build | House |
| 24:57 | Build | House |
| 25:00 | Build | House |
| 25:02 | Build | House |
| 25:04 | Build | House |
| 25:04 | Build | House |
| 25:04 | Build | House |
| 25:05 | Build | House |
| 25:05 | Build | House |
Build order — gakbal
First 150 of 409 actions detected
| 0:02 | Create | Villager (Male) |
| 0:02 | Create | Villager (Male) |
| 0:02 | Create | Villager (Male) |
| 0:04 | Build | House |
| 0:07 | Build | House |
| 0:44 | Create | Villager (Male) |
| 1:44 | Create | Villager (Male) |
| 1:59 | Build | Lumber Camp |
| 2:17 | Create | Villager (Male) |
| 2:44 | Create | Villager (Male) |
| 2:45 | Create | Villager (Male) |
| 2:49 | Build | House |
| 2:50 | Build | House |
| 2:57 | Create | Villager (Male) |
| 3:37 | Create | Villager (Male) |
| 3:59 | Create | Villager (Male) |
| 4:29 | Create | Villager (Male) |
| 4:48 | Create | Villager (Male) |
| 5:11 | Create | Villager (Male) |
| 5:20 | Create | Villager (Male) |
| 5:53 | Create | Villager (Male) |
| 6:04 | Create | Villager (Male) |
| 6:21 | Build | Mill |
| 6:53 | Create | Villager (Male) |
| 7:13 | Create | Villager (Male) |
| 7:14 | Create | Villager (Male) |
| 7:16 | Create | Villager (Male) |
| 7:18 | Create | Villager (Male) |
| 7:19 | Create | Villager (Male) |
| 7:32 | Research | Loom |
| 8:21 | Build | Mining Camp |
| 8:51 | Create | Villager (Male) |
| 8:52 | Create | Villager (Male) |
| 9:08 | Research | Feudal Age |
| 9:39 | Create | Villager (Male) |
| 9:39 | Create | Villager (Male) |
| 9:46 | Build | House |
| 9:48 | Build | House |
| 9:50 | Build | House |
| 10:09 | Build | Mill |
| 11:18 | Age | Feudal Age |
| 11:52 | Create | Villager (Male) |
| 12:01 | Build | Blacksmith |
| 12:07 | Build | Market |
| 12:10 | Create | Villager (Male) |
| 12:13 | Build | Lumber Camp |
| 12:18 | Create | Villager (Male) |
| 12:34 | Build | Farm |
| 12:50 | Create | Villager (Male) |
| 13:19 | Create | Villager (Male) |
| 13:30 | Build | Farm |
| 13:34 | Build | Farm |
| 13:39 | Build | Farm |
| 13:40 | Build | Farm |
| 13:42 | Build | Farm |
| 13:44 | Build | Farm |
| 13:44 | Build | Farm |
| 13:54 | Build | Farm |
| 13:56 | Create | Villager (Male) |
| 14:05 | Build | Farm |
| 14:31 | Build | Farm |
| 14:48 | Research | Castle Age |
| 16:09 | Build | Farm |
| 16:11 | Build | Farm |
| 16:13 | Build | Farm |
| 16:14 | Build | Farm |
| 16:16 | Build | Farm |
| 16:20 | Build | Farm |
| 16:23 | Create | Villager (Male) |
| 16:23 | Create | Villager (Male) |
| 17:28 | Age | Castle Age |
| 17:30 | Research | Double-Bit Axe |
| 17:33 | Research | Horse Collar |
| 17:39 | Research | Gold Mining |
| 17:39 | Research | Stone Mining |
| 17:43 | Build | Lumber Camp |
| 18:07 | Build | Town Center |
| 18:09 | Create | Villager (Male) |
| 18:10 | Create | Villager (Male) |
| 18:10 | Create | Villager (Male) |
| 18:10 | Create | Villager (Male) |
| 18:52 | Create | Villager (Male) |
| 18:55 | Research | Wheelbarrow |
| 19:03 | Research | Wheelbarrow |
| 19:13 | Research | Wheelbarrow |
| 19:18 | Research | Town Watch |
| 19:53 | Create | Villager (Male) |
| 19:53 | Create | Villager (Male) |
| 19:53 | Create | Villager (Male) |
| 20:06 | Build | Barracks |
| 20:12 | Build | Town Center |
| 20:15 | Create | Villager (Male) |
| 20:15 | Create | Villager (Male) |
| 20:15 | Create | Villager (Male) |
| 20:25 | Research | Bow Saw |
| 20:28 | Research | Heavy Plow |
| 20:36 | Create | Villager (Male) |
| 20:59 | Build | House |
| 20:59 | Build | House |
| 20:59 | Build | House |
| 21:00 | Build | House |
| 21:00 | Build | House |
| 21:55 | Create | Villager (Male) |
| 21:58 | Create | Villager (Male) |
| 21:58 | Create | Villager (Male) |
| 22:10 | Create | Villager (Male) |
| 22:10 | Create | Villager (Male) |
| 22:14 | Research | Stone Shaft Mining |
| 22:15 | Create | Villager (Male) |
| 22:15 | Create | Villager (Male) |
| 22:16 | Create | Villager (Male) |
| 22:16 | Create | Villager (Male) |
| 22:16 | Create | Villager (Male) |
| 22:22 | Build | Farm |
| 22:53 | Create | Villager (Male) |
| 22:53 | Create | Villager (Male) |
| 22:53 | Create | Villager (Male) |
| 22:54 | Create | Villager (Male) |
| 23:10 | Build | Barracks |
| 23:11 | Build | Barracks |
| 23:14 | Research | Squires |
| 23:32 | Create | Villager (Male) |
| 23:33 | Create | Villager (Male) |
| 23:39 | Build | Lumber Camp |
| 23:43 | Create | Villager (Male) |
| 23:52 | Create | Villager (Male) |
| 24:08 | Build | Mining Camp |
| 24:11 | Create | Villager (Male) |
| 24:11 | Create | Villager (Male) |
| 24:46 | Build | Castle |
| 25:07 | Research | Wheelbarrow |
| 25:11 | Create | Villager (Male) |
| 25:19 | Build | House |
| 25:21 | Build | House |
| 25:22 | Build | House |
| 25:23 | Build | House |
| 25:23 | Build | House |
| 25:23 | Build | House |
| 25:35 | Build | Mining Camp |
| 25:50 | Build | Castle |
| 26:00 | Create | Villager (Male) |
| 26:00 | Create | Villager (Male) |
| 26:03 | Create | Villager (Male) |
| 26:03 | Create | Villager (Male) |
| 26:04 | Create | Villager (Male) |
| 26:30 | Create | Villager (Male) |
| 26:30 | Create | Villager (Male) |
| 26:34 | Build | Farm |
| 26:44 | Create | Villager (Male) |
| 26:44 | Create | Villager (Male) |
Build order — 96猫
First 150 of 523 actions detected
| 0:01 | Create | Villager (Male) |
| 0:01 | Create | Villager (Male) |
| 0:02 | Create | Villager (Male) |
| 0:02 | Create | Villager (Male) |
| 0:03 | Build | House |
| 0:04 | Build | House |
| 1:30 | Create | Villager (Male) |
| 1:30 | Create | Villager (Male) |
| 1:43 | Build | Lumber Camp |
| 2:00 | Create | Villager (Male) |
| 2:00 | Create | Villager (Male) |
| 2:00 | Create | Villager (Male) |
| 2:13 | Create | Villager (Male) |
| 2:13 | Create | Villager (Male) |
| 2:13 | Create | Villager (Male) |
| 2:45 | Create | Villager (Male) |
| 2:45 | Create | Villager (Male) |
| 3:00 | Create | Villager (Male) |
| 3:00 | Create | Villager (Male) |
| 3:28 | Create | Villager (Male) |
| 3:28 | Create | Villager (Male) |
| 3:48 | Build | House |
| 3:51 | Build | Mill |
| 4:04 | Create | Villager (Male) |
| 4:05 | Create | Villager (Male) |
| 4:05 | Create | Villager (Male) |
| 5:02 | Create | Villager (Male) |
| 5:02 | Create | Villager (Male) |
| 5:02 | Create | Villager (Male) |
| 5:02 | Create | Villager (Male) |
| 5:36 | Create | Villager (Male) |
| 5:36 | Create | Villager (Male) |
| 5:53 | Build | House |
| 6:35 | Build | Mill |
| 6:44 | Create | Villager (Male) |
| 6:46 | Create | Villager (Male) |
| 7:38 | Research | Feudal Age |
| 7:38 | Research | Feudal Age |
| 8:23 | Create | Villager (Male) |
| 8:24 | Create | Villager (Male) |
| 9:48 | Age | Feudal Age |
| 9:53 | Build | Market |
| 9:55 | Build | Blacksmith |
| 11:01 | Research | Castle Age |
| 11:01 | Research | Castle Age |
| 11:02 | Research | Castle Age |
| 11:16 | Build | House |
| 12:25 | Research | Double-Bit Axe |
| 12:25 | Research | Double-Bit Axe |
| 12:25 | Research | Double-Bit Axe |
| 13:16 | Research | Horse Collar |
| 13:16 | Research | Horse Collar |
| 13:27 | Build | Farm |
| 13:28 | Build | Farm |
| 13:39 | Build | Farm |
| 13:40 | Build | Farm |
| 13:41 | Age | Castle Age |
| 13:44 | Build | Town Center |
| 13:47 | Build | Town Center |
| 13:54 | Create | Villager (Male) |
| 13:54 | Create | Villager (Male) |
| 14:04 | Build | Farm |
| 14:06 | Build | Farm |
| 14:25 | Build | Farm |
| 14:26 | Create | Villager (Male) |
| 14:27 | Create | Villager (Male) |
| 14:42 | Build | Farm |
| 14:43 | Create | Villager (Male) |
| 14:43 | Create | Villager (Male) |
| 14:49 | Build | House |
| 14:59 | Create | Villager (Male) |
| 15:10 | Build | Farm |
| 15:21 | Create | Villager (Male) |
| 15:21 | Create | Villager (Male) |
| 15:24 | Build | Farm |
| 15:32 | Build | House |
| 15:39 | Create | Villager (Male) |
| 15:39 | Create | Villager (Male) |
| 15:39 | Create | Villager (Male) |
| 15:46 | Build | Farm |
| 15:53 | Create | Villager (Male) |
| 15:53 | Create | Villager (Male) |
| 15:55 | Build | House |
| 16:01 | Build | Farm |
| 16:11 | Create | Villager (Male) |
| 16:11 | Create | Villager (Male) |
| 16:14 | Build | Farm |
| 16:22 | Create | Villager (Male) |
| 16:22 | Create | Villager (Male) |
| 16:26 | Build | Farm |
| 16:31 | Build | House |
| 16:38 | Build | Farm |
| 16:39 | Create | Villager (Male) |
| 16:39 | Create | Villager (Male) |
| 16:49 | Create | Villager (Male) |
| 16:49 | Create | Villager (Male) |
| 16:55 | Build | Farm |
| 16:58 | Create | Villager (Male) |
| 16:58 | Create | Villager (Male) |
| 17:01 | Build | Farm |
| 17:03 | Build | House |
| 17:13 | Create | Villager (Male) |
| 17:13 | Create | Villager (Male) |
| 17:17 | Create | Villager (Male) |
| 17:17 | Create | Villager (Male) |
| 17:20 | Build | Farm |
| 17:28 | Create | Villager (Male) |
| 17:29 | Create | Villager (Male) |
| 17:35 | Build | Farm |
| 17:39 | Build | House |
| 17:41 | Create | Villager (Male) |
| 17:41 | Create | Villager (Male) |
| 17:42 | Create | Villager (Male) |
| 17:45 | Create | Villager (Male) |
| 17:46 | Create | Villager (Male) |
| 17:53 | Create | Villager (Male) |
| 17:56 | Build | Farm |
| 18:10 | Create | Villager (Male) |
| 18:11 | Create | Villager (Male) |
| 18:13 | Build | Lumber Camp |
| 18:16 | Create | Villager (Male) |
| 18:16 | Create | Villager (Male) |
| 18:18 | Build | House |
| 18:20 | Build | House |
| 18:21 | Create | Villager (Male) |
| 18:21 | Create | Villager (Male) |
| 18:24 | Create | Villager (Male) |
| 18:36 | Create | Villager (Male) |
| 18:36 | Create | Villager (Male) |
| 18:45 | Create | Villager (Male) |
| 18:46 | Create | Villager (Male) |
| 18:53 | Create | Villager (Male) |
| 18:59 | Build | Farm |
| 19:05 | Build | Farm |
| 19:09 | Build | Farm |
| 19:10 | Create | Villager (Male) |
| 19:11 | Create | Villager (Male) |
| 19:12 | Create | Villager (Male) |
| 19:13 | Create | Villager (Male) |
| 19:30 | Build | House |
| 19:31 | Create | Villager (Male) |
| 19:32 | Create | Villager (Male) |
| 19:45 | Build | Town Center |
| 19:47 | Research | Loom |
| 19:47 | Research | Loom |
| 19:50 | Create | Villager (Male) |
| 19:51 | Create | Villager (Male) |
| 19:51 | Create | Villager (Male) |
| 19:51 | Create | Villager (Male) |
| 20:02 | Build | House |
Match timeline
| 8:27 | SongForBob · first_building Barracks |
| 9:48 | 96猫 · age_up feudal |
| 10:17 | giancarlo7 · first_building Barracks |
| 10:45 | 96猫 · first_market_sell 100 wood |
| 10:45 | [FnL^metalheadz] · age_up feudal |
| 10:53 | giancarlo7 · age_up feudal |
| 10:57 | ultrasur · age_up feudal |
| 11:18 | gakbal · age_up feudal |
| 11:29 | fabiowazzanani · age_up feudal |
| 12:02 | GAmERzLike · age_up feudal |
| 12:32 | SongForBob · age_up feudal |
| 13:37 | SongForBob · wall_segment Stone Wall x6 |
| 13:41 | 96猫 · age_up castle |
| 13:51 | [FnL^metalheadz] · age_up castle |
| 13:58 | SongForBob · wall_segment Stone Wall x6 |
| 14:51 | SongForBob · first_building Archery Range |
| 15:04 | ultrasur · age_up castle |
| 15:24 | ultrasur · first_building Monastery |
| 15:42 | fabiowazzanani · age_up castle |
| 15:52 | giancarlo7 · first_building Stable |
| 16:02 | GAmERzLike · age_up castle |
| 16:06 | GAmERzLike · first_building Castle |
| 16:09 | fabiowazzanani · first_market_buy 100 wood |
| 17:28 | gakbal · age_up castle |
| 17:33 | SongForBob · age_up castle |
| 18:23 | giancarlo7 · age_up castle |
| 18:25 | giancarlo7 · first_building Castle |
| 19:01 | SongForBob · first_market_sell 100 food |
| 19:10 | fabiowazzanani · wall_segment Stone Wall x35 |
| 19:26 | GAmERzLike · first_building Monastery |
| 20:06 | gakbal · first_building Barracks |
| 21:49 | [FnL^metalheadz] · first_building Siege Workshop |
| 22:27 | [FnL^metalheadz] · first_building Barracks |
| 23:02 | [FnL^metalheadz] · first_building Monastery |
| 23:42 | giancarlo7 · first_market_buy 100 food |
| 23:48 | giancarlo7 · first_market_sell 100 stone |
| 24:27 | [FnL^metalheadz] · first_building Stable |
| 24:38 | SongForBob · first_building Castle |
| 24:46 | gakbal · first_building Castle |
| 24:53 | SongForBob · first_building Monastery |
| 25:44 | fabiowazzanani · first_building Castle |
| 25:53 | 96猫 · first_building Siege Workshop |
| 25:56 | SongForBob · first_building Stable |
| 26:17 | 96猫 · first_building Castle |
| 26:18 | ultrasur · first_building Castle |
| 26:30 | fabiowazzanani · first_building Monastery |
| 27:27 | giancarlo7 · age_up imperial |
| 28:18 | fabiowazzanani · first_building Siege Workshop |
| 28:24 | 96猫 · first_market_buy 100 stone |
| 28:39 | ultrasur · first_building Siege Workshop |
| 28:41 | 96猫 · first_building Barracks |
| 28:57 | ultrasur · age_up imperial |
| 29:41 | 96猫 · first_building Stable |
| 29:44 | gakbal · first_market_buy 100 food |
| 30:09 | 96猫 · age_up imperial |
| 30:35 | fabiowazzanani · age_up imperial |
| 31:03 | ultrasur · first_building Barracks |
| 31:19 | GAmERzLike · first_market_buy 100 stone |
| 31:28 | fabiowazzanani · first_market_sell 100 food |
| 31:45 | ultrasur · first_market_sell 500 food |
| 31:48 | ultrasur · first_market_buy 100 wood |
| 32:28 | [FnL^metalheadz] · first_building Archery Range |
| 32:30 | ultrasur · first_building Stable |
| 33:21 | GAmERzLike · age_up imperial |
| 33:23 | giancarlo7 · first_building Archery Range |
| 33:27 | GAmERzLike · first_building Siege Workshop |
| 34:12 | GAmERzLike · first_building Barracks |
| 34:23 | [FnL^metalheadz] · wall_segment Stone Wall x3 |
| 34:37 | [FnL^metalheadz] · first_building Castle |
| 35:21 | [FnL^metalheadz] · age_up imperial |
| 36:55 | giancarlo7 · first_building Monastery |
| 37:02 | SongForBob · age_up imperial |
| 37:18 | GAmERzLike · first_building Stable |
| 38:25 | GAmERzLike · first_market_sell 100 food |
| 38:27 | SongForBob · first_market_buy 100 wood |
| 38:52 | GAmERzLike · first_building Archery Range |
| 40:16 | gakbal · age_up imperial |
| 40:37 | giancarlo7 · resign |
| 42:28 | [FnL^metalheadz] · wall_segment Stone Wall x5 |
| 42:54 | gakbal · first_market_sell 100 wood |
| 48:11 | SongForBob · first_building Siege Workshop |
[ AI ANALYSIS · 1 CREDIT ]
What really happened in this match?
Wolo.gg analyzes every decision: build order, eco, micro, common mistakes by bracket. Personalized analysis on WhatsApp or Discord in 30 seconds.
Civ guide
Khmer
Map guide
Arena
Perfil
Jugador #23660071